 Dungeon Sprint DCSS version 0.27-a0-836-gfc908b8576 (webtiles) character file.

Game seed: 17929006535215817539

676 mhtbhm the Protected (level 7, -10/108 HPs)
             Began as a Minotaur Fighter on Apr 1, 2021.
             Was a Believer of Trog.
             Mangled by a death knight
             ... wielding a +4 halberd
              (19 damage)
             ... in the Dungeon (Sprint IX: "|||||||||||||||||||||||||||||").
             The game lasted 00:01:01 (397 turns).

mhtbhm the Protected (Minotaur Fighter)              Turns: 397, Time: 00:01:01

Health: -10/108    AC: 16    Str: 29    XL:     7   Next: 33%
Magic:  6/6        EV:  7    Int:  5    God:    Trog [**....]
Gold:   0          SH: 12    Dex:  9    Spells: 6/6 levels left

rFire    . . .     SeeInvis .   a - +0 trident
rCold    . . .     Faith    .   c - +0 kite shield
rNeg     . . .     Spirit   .   b - +0 plate armour
rPois    .         Reflect  .   (helmet restricted)
rElec    .         Harm     .   (no cloak)
rCorr    .         Rampage  .   (no gloves)
Will     .....     NoTele   +   l - +0 pair of boots
Stlth    ..........             (no amulet)
HPRegen  0.28/turn              m - +3 ring of strength
MPRegen  0.10/turn              n - +3 ring of strength

@: berserking (expiring), very quick
A: horns 2, retaliatory headbutt
a: Renounce Religion, Berserk, Trog's Hand


You were in the Dungeon.
You worshipped Trog.
Trog was pleased with you.
You visited 1 branch

Inventory:

Hand Weapons
 a - a +0 trident (weapon)
Armour
 b - a +0 plate armour (worn)
 c - a +0 kite shield (worn)
 l - a +0 pair of boots (worn)
Jewellery
 m - a +3 ring of strength (left hand)
 n - a +3 ring of strength (right hand)
Wands
 k - a wand of acid (9)
Scrolls
 j - 2 scrolls of blinking
Potions
 d - a potion of might
 e - 5 potions of curing
 f - 3 potions of heal wounds
 g - a potion of haste
 h - 4 potions of magic
 i - a potion of invisibility


   Skills:
 + Level 10.0 Fighting
 + Level 9.1 Polearms
 + Level 10.9 Armour
 + Level 1.5 Dodging
 + Level 10.3 Shields


You had 6 spell levels left.
You didn't know any spells.
Your spell library was empty.

Dungeon Overview and Level Annotations

Branches:
Dungeon (1/1)

Altars:
Cheibriados
Dithmenos
Elyvilon
Fedhas
Gozag
Hepliaklqana
Kikubaaqudgha
Makhleb
Nemelex Xobeh
Okawaru
Qazlal
Ru
Sif Muna
Trog
Uskayaw
Vehumet
Wu Jian
Xom
Yredelemnul
Zin
The Shining One
Beogh
Jiyva
Lugonu


Innate Abilities, Weirdness & Mutations

You have a pair of horns on your head.
You reflexively headbutt those who attack you in melee.


Message History

Press: ? - help, Dir - move target, f/p - death knight
Aim: a death knight, wielding a +4 halberd and wearing a +0 chain mail (heavily wounded, reflecting injuries, about 36% to evade your +0 trident)
You reach to attack!
You puncture the death knight!
The death knight is severely wounded.
The death knight reflects your damage back at you!
Reach: a) +0 trident
Press: ? - help, Dir - move target, f/p - death knight
Aim: a death knight, wielding a +4 halberd and wearing a +0 chain mail (severely wounded, reflecting injuries, about 36% to evade your +0 trident)
You reach to attack!
You hit the death knight but do no damage.
The death knight is severely wounded.
The death knight closely misses you.
Unknown command.
Reach: a) +0 trident
Press: ? - help, Dir - move target, f/p - death knight
Aim: a death knight, wielding a +4 halberd and wearing a +0 chain mail (severely wounded, reflecting injuries, about 36% to evade your +0 trident)
You reach to attack!
You hit the death knight.
The death knight is severely wounded.
The death knight reflects your damage back at you!
Unknown command.
Reach: a) +0 trident
Press: ? - help, Dir - move target, f/p - death knight
Aim: a death knight, wielding a +4 halberd and wearing a +0 chain mail (severely wounded, reflecting injuries, about 36% to evade your +0 trident)
You reach to attack!
You hit the death knight but do no damage.
The death knight is severely wounded.
The death knight calls down the wrath of Yredelemnul upon you.
Your body is wracked with pain!
* * * LOW HITPOINT WARNING * * *
Unknown command.
Reach: a) +0 trident
Press: ? - help, Dir - move target, f/p - death knight
Aim: a death knight, wielding a +4 halberd and wearing a +0 chain mail (severely wounded, reflecting injuries, about 36% to evade your +0 trident)
You reach to attack!
You impale the death knight!!
The death knight is almost dead.
The death knight reflects your damage back at you!
* * * LOW HITPOINT WARNING * * *
The death knight's dark mirror aura disappears.
The death knight hits you from afar with a +4 halberd!!
You die... ▓▓▓▓▓▓▓▓▓▓▓▓▓▓▓▓▓▓▓▓▓▓▓▓ '.?)..[[..))....@'pJucB. ▓▓▓▓▓▓▓▓▓▓▓▓▓▓▓▓▓▓▓▓▓▓▓▓

You could see a death knight, a boulder beetle, a red ugly thing, a slime creature and a centaur warrior.

Vanquished Creatures
  A slime creature (D)
  An orc warrior (D)
  An ogre (D)
  2 centaurs (D)
  A killer bee (D)
  A wight (D)
  2 orc wizards (D)
  A white imp (D)
  2 dart slugs (D)
  A giant cockroach (D)
  A goblin (D)
  A hobgoblin (D)
  A giant cockroach zombie (D)
  A jackal skeleton (D)
17 creatures vanquished.

Notes
Turn   | Place    | Note
-------+----------+-------------------------------------------
     0 | D        | mhtbhm the Minotaur Fighter began the quest for the Orb.
     0 | D        | Reached XP level 1. HP: 19/19 MP: 0/0
    14 | D        | Reached XP level 2. HP: 28/28 MP: 1/1
    24 | D        | Banished a spatial maelstrom
    26 | D        | Noticed an ogre
    26 | D        | Noticed a centaur
    33 | D        | Reached skill level 5 in Shields
    36 | D        | Killed an ogre
    37 | D        | Reached XP level 3. HP: 38/38 MP: 2/2
    37 | D        | Reached XP level 4. HP: 45/45 MP: 3/3
    41 | D        | Killed a centaur
    42 | D        | Reached skill level 5 in Polearms
    42 | D        | Reached XP level 5. HP: 52/53 MP: 4/4
    48 | D        | Found a snail-covered altar of Cheibriados.
    48 | D        | Found a shadowy altar of Dithmenos.
    48 | D        | Found a white marble altar of Elyvilon.
    48 | D        | Found a blossoming altar of Fedhas.
    48 | D        | Found an opulent altar of Gozag.
    49 | D        | Found a hazy altar of Hepliaklqana.
    50 | D        | Found a viscous altar of Jiyva.
    51 | D        | Found an ancient bone altar of Kikubaaqudgha.
    52 | D        | Found a corrupted altar of Lugonu.
    53 | D        | Found a burning altar of Makhleb.
    54 | D        | Found a sparkling altar of Nemelex Xobeh.
    55 | D        | Found an iron altar of Okawaru.
    56 | D        | Found a stormy altar of Qazlal.
    57 | D        | Found a sacrificial altar of Ru.
    58 | D        | Found a shimmering blue altar of Sif Muna.
    87 | D        | Found a bloodstained altar of Trog.
    88 | D        | Found a hide-covered altar of Uskayaw.
    89 | D        | Found a radiant altar of Vehumet.
    90 | D        | Found an ornate altar of the Wu Jian Council.
    91 | D        | Found a shimmering altar of Xom.
    92 | D        | Found a basalt altar of Yredelemnul.
    93 | D        | Found a glowing silver altar of Zin.
    94 | D        | Found a glowing golden altar of the Shining One.
    95 | D        | Became a worshipper of Trog the Wrathful
   138 | D        | Found the +7 Spriggan's Knife {stab, EV+4 Stlth+}
   173 | D        | Noticed an orc warrior
   173 | D        | Noticed a centaur
   185 | D        | Killed an orc warrior
   186 | D        | Reached skill level 1 in Dodging
   186 | D        | Reached XP level 6. HP: 48/62 MP: 5/5
   188 | D        | Reached * piety under Trog
   205 | D        | Reached ** piety under Trog
   209 | D        | Reached skill level 10 in Armour
   379 | D        | Noticed a slime creature
   379 | D        | Noticed a death knight
   379 | D        | Noticed a slime creature
   379 | D        | Noticed a boulder beetle
   379 | D        | Noticed a red ugly thing
   379 | D        | Noticed a centaur warrior
   386 | D        | Killed a slime creature
   387 | D        | Reached skill level 10 in Fighting
   387 | D        | Reached skill level 10 in Shields
   387 | D        | Reached XP level 7. HP: 72/72 MP: 6/6
   397 | D        | Mangled by a death knight

Illustrated notes

Levels and vault maps discovered:
D:        linesprint [early_d, line_temple, items_1, d_10, items_2, lair_1,
          lair_end, items_3, orc_1, orc_end, items_4, d_15, swamp_1, shoals_1,
          snake_1, spider_1, d_20, vaults_1, items_5, swamp_end, shoals_end,
          snake_end, spider_end, vaults_end, d_27, items_6, zot_1, zot_end,
          crypt_end, forest_end, elf_end, slime_end, tomb_end, abyss_end,
          pan_hell_end]

Skill      XL: |  1  2  3  4  5  6 |
---------------+-------------------+-----
Fighting       | 4 6 7 8 10 | 10.0
Armour         | 4 6 7 8 10 | 10.9
Shields        | 4 6 7 8 10 | 10.3
Polearms       | 4 5 6 9 |  9.1
Dodging        | 1 |  1.5

Action                   |  1- 3 |  4- 6 |  7- 9 || total
-------------------------+-------+-------+-------++-------
Melee: Trident           |    22 |    44 |    11 ||    77
       Headbutt          |     6 |    13 |       ||    19
Invok: Berserk           |       |     1 |       ||     1
Evoke: Wand              |       |     1 |       ||     1
  Use: Potion            |     1 |       |       ||     1
Armor: Scale mail        |     3 |     3 |       ||     6
       Plate armour      |       |    15 |     1 ||    16
Dodge: Dodged            |     3 |     8 |     1 ||    12
Block: Kite shield       |    10 |    17 |     1 ||    28

Table legend: (Time is in decaauts)
 A = Elapsed time spent in this place.
 B = Non-inter-level travel time spent in this place.
 C = Inter-level travel time spent in this place.
 D = Time resting spent in this place.
 E = Time spent auto-exploring this place.
 F = Levels seen in this place.
 G = Mean time per level.
                   A        B        C        D        E       F      G
               +--------+--------+--------+--------+--------+-----+--------+
         Total |    412 |    412 |      0 |    232 |      3 |   1 |  412.0 |
       Dungeon |    412 |    412 |      0 |    232 |      3 |   1 |  412.0 |
               +--------+--------+--------+--------+--------+-----+--------+

Top non-repeatable levels by time:
       D: 412 daAuts
